Map: Abyssal Reef LE

Players

WeAreLegion - Winner!

  • Race: Terran Terran
  • League: Silver
  • Spawn Location: 11:00

jimmycarr

  • Race: Terran Terran
  • League: Silver
  • Spawn Location: 5:00

VOD

Have the link to the VOD?

Description

Time

  • Played on: Dec. 3, 2024, 8:18 p.m.
  • Length: 11:13
Show
View Real Time Build Order
Export as new Build Order

WeAreLegion Terran - Winner!

Build Orders: Reaper Expand 

Get SALT Encoding   

  12  0:00  SCV  
  13  0:12  SCV  
  14  0:17  Supply Depot  
  14  0:25  SCV  
  15  0:40  Barracks  
  15  0:47  SCV, Refinery  
  16  0:59  SCV  
  17  1:11  SCV  
  18  1:27  Orbital Command  
  18  1:31  Reaper  
  19  1:43  Command Center  
  20  1:54  SCV  
  20  2:04  Supply Depot  
  20  2:06  Marine  
  21  2:10  Factory  
  21  2:13  SCV  
  22  2:27  SCV  
  23  2:33  Marine  
  24  2:39  SCV  
  25  2:51  SCV, Marine  
  25  3:04  SCV  
  26  3:08  Marine  
  27  3:16  SCV  
  28  3:21  Orbital Command  
  28  3:26  Marine  
  29  3:27  Refinery  
  29  3:28  SCV  
  29  3:32  Widow Mine  
  32  3:36  Starport  
  32  3:40  SCV  
  33  3:42  Barracks  
  33  3:44  Engineering Bay  
  33  3:47  Supply Depot  
  33  3:48  SCV  
  34  3:52  SCV  
  34  3:53  Widow Mine  
  37  4:00  SCV  
  38  4:04  SCV  
  39  4:12  SCV  
  39  4:13  Barracks Reactor  
  40  4:20  Medivac  
  40  4:23  SCV  
  43  4:24  SCV  
  44  4:35  Supply Depot, SCV  
  44  4:37  Supply Depot  
  45  4:41  Barracks  
  45  4:42  Refinery  
  45  4:44  SCV  
  46  4:47  SCV  
  46  4:51  Refinery  
  47  4:56  SCV  
  47  4:58  Missile Turret  
  48  5:04  SCV  
  49  5:08  SCV  
  49  5:10  Marine x3  
  49  5:12  Factory Tech Lab  
  53  5:14  Missile Turret  
  53  5:16  SCV  
  53  5:21  SCV  
  55  5:28  SCV, Marine x3  
  54  5:44  Marine  
  54  5:45  Siege Tank  
  54  5:46  Marine x2  
  53  6:02  Liberator, Marine  
  53  6:03  Marine  
  53  6:04  Marine  
  58  6:20  Marine  
  58  6:21  Marine  
  56  6:38  Marine  
  56  6:39  Marine  
  55  6:56  Marine  
  56  7:03  Marine x3  
  56  7:04  Siege Tank  
  56  7:05  Medivac  
  56  7:07  SCV  
  65  7:09  Orbital Command  
  65  7:14  Marine  
  66  7:19  SCV  
  66  7:21  Marine x2  
  69  7:31  SCV  
  70  7:39  Terran Infantry Weapons Level 1  
  70  7:41  Barracks Tech Lab  
  70  7:44  Barracks Tech Lab  
  70  7:48  SCV, Marine x2, Medivac  
  75  7:55  Supply Depot  
  75  7:57  Supply Depot  
  75  8:00  SCV  
  75  8:06  Marine x2  
  75  8:12  SCV  
  76  8:18  Medivac  
  76  8:19  Supply Depot, Refinery  
  78  8:20  SCV  
  78  8:21  Supply Depot, Marine, Refinery  
  78  8:23  Marine x2  
  78  8:24  Siege Tank, SCV  
  86  8:32  SCV  
  87  8:37  SCV  
  87  8:39  Marine  
  89  8:41  Marine x2  
  89  8:44  SCV  
  75  8:56  Siege Tank  
  75  8:58  Marauder  
  79  9:05  SCV x2  
  81  9:17  SCV x2  
  81  9:19  Marauder  
  74  9:28  Siege Tank  
  74  9:30  Combat Shield  
  74  9:31  Stimpack  
  74  9:33  Marine x2  
  74  9:35  Medivac  
  78  9:40  Marauder  
  80  9:51  Marine x2  
  81  10:00  Siege Tank  
  81  10:01  Marine  
  74  10:08  Marine x2  
  72  10:20  Marauder  
  66  10:26  Marine x2  
  68  10:31  Medivac  
  68  10:33  Siege Tank  
  73  10:37  Supply Depot  
  73  10:38  Supply Depot  
  73  10:41  Marauder  
  75  10:44  Marine x2  
  75  10:46  Marine  
  78  10:53  Command Center  
Show
View Real Time Build Order
Export as new Build Order

jimmycarr Terran 

Build Orders:  

Get SALT Encoding   

  12  0:01  SCV  
  13  0:18  Supply Depot  
  13  0:22  SCV  
  14  0:34  Refinery  
  14  0:42  Barracks  
  14  0:54  Barracks  
  14  1:02  Refinery  
  15  1:11  SCV  
  15  1:29  Reaper  
  16  1:49  Reaper  
  17  2:01  Marine  
  17  2:02  Orbital Command  
  18  2:14  Supply Depot  
  18  2:21  Marine  
  17  3:26  Marine  
  17  3:27  Marine  
  17  3:34  Factory  
  18  3:45  Factory  
  18  3:50  Barracks Tech Lab  
  18  3:53  Marine  
  19  4:03  Supply Depot  
  19  4:11  Marine  
  19  4:12  Marauder  
  19  4:13  Combat Shield  
  22  4:26  Factory Tech Lab  
  22  4:30  Factory Tech Lab  
  22  4:34  Marauder  
  22  4:35  Marine  
  25  4:53  Marine  
  25  4:56  Siege Tank  
  29  5:10  Marauder  
  31  5:20  Barracks Reactor  
  23  6:28  Marine  
  23  6:32  Cyclone  
  17  6:45  Marine  
  17  6:46  Orbital Command  
  18  7:11  Marine x2  
  20  7:26  Cyclone x2  
  26  7:32  Engineering Bay  
  26  7:39  Marine x2  
  26  7:43  Marine  
  29  8:24  Marine x2  
  31  8:29  Missile Turret  
  31  8:43  Supply Depot  
  31  9:04  Marine  
  32  9:22  Marine  
  33  9:36  Marine x2  
  35  9:40  Marine  
  17  10:27  Marine x2  
  16  10:34  SCV  
  17  10:46  SCV  
  18  10:52  Missile Turret  
  18  10:58  SCV  
Tags
 
Matchup
TvT
Race
Terran
Replay Pack
December
Spawn Locations
Cross Positions
Add a new tag
Caveats
  • Supply blocks, unpowered buildings, or Contaminate may cause inaccurate times.
  • Supply counts are checked every 10 seconds.